 Dungeon Crawl Stone Soup version 0.29.0-4-gdea44cf6ec (webtiles) character file.

Game seed: 564617657794027224

219 qw the Chopper (level 5, -7/41 HPs)
             Began as a Demonspawn Cinder Acolyte on Sept 8, 2022.
             Was an Elder of Ignis.
             Mangled by Sigmund
             ... wielding a +1 scythe of venom
              (9 damage)
             ... on level 4 of the Dungeon.
             The game lasted 00:01:22 (3804 turns).

qw the Chopper (Demonspawn Cinder Acolyte)          Turns: 3804, Time: 00:01:23

Health: -7/41      AC: 21    Str: 16    XL:     5   Next: 64%
Magic:  6/6        EV:  6    Int: 15    God:    Ignis [****..]
Gold:   76         SH:  4    Dex: 15    Spells: 6/6 levels left

rFire   + . .      SeeInvis .   Y - +0 hand axe (flame)
rCold   . . .      Faith    .   b - +0 buckler
rNeg    . . .      Spirit   .   m - +0 chain mail
rPois   .          Reflect  .   p - +1 helmet
rElec   .          Harm     .   g - +0 cloak
rCorr   .          Rampage  .   (no gloves)
Will    .....                   (no boots)
Stlth   ..........              k - amulet of regeneration
HPRegen 0.93/turn               j - +6 ring of dexterity
MPRegen 0.20/turn               (no ring)

@: lethally poisoned (-7 -> -14), fiery-armoured
A: hooves 1, icy blue scales 2, magic regeneration
a: Renounce Religion, Fiery Armour, Foxfire Swarm, Rising Flame


You were on level 4 of the Dungeon.
You worshipped Ignis.
Ignis was greatly pleased with you.
You visited 1 branch of the dungeon, and saw 4 of its levels.

You collected 223 gold pieces.
You spent 147 gold pieces at shops.


Innate Abilities, Weirdness & Mutations

You have large cloven feet.
You are mostly covered in icy blue scales. (AC +3)
You regenerate magic rapidly.


   Skills:
 - Level 3.0 Fighting
 - Level 5.0 Axes
 + Level 1.7 Armour
 - Level 1.0 Dodging
 - Level 1.2 Shields
 - Level 1.0 Spellcasting
 - Level 2.6 Fire Magic


You had 6 spell levels left.
You didn't know any spells.
Your spell library contained the following spells:

 Spells                   Type           Power      Damage    Failure   Level
 Scorch                   Fire           16%        2d5       97%         2

Inventory:

Hand Weapons
 Y - a +0 hand axe of flaming (weapon)
Armour
 b - a +0 buckler (worn)
 g - a +0 cloak (worn)
 m - a +0 chain mail (worn)
 p - a +1 helmet (worn)
Jewellery
 j - a +6 ring of dexterity (left hand)
 k - an amulet of regeneration (around neck)
Scrolls
 a - a scroll of identify {unknown}
 l - a scroll of teleportation
Potions
 c - a potion of resistance
 e - a potion of lignification {unknown}
 f - a potion of mutation {unknown}
 h - a potion of might {unknown}
 i - a potion of degeneration {unknown}

Dungeon Overview and Level Annotations

Branches:
Dungeon (4/15)
 Temple: D:4-7

Altars:

Shops:
D:1 (   D:3 [

Annotations:
D:4 Sigmund


Message History

You feel very sick.
You swing at nothing.
You feel very sick. You block something's attack.
You swing at nothing.
You feel very sick. Something hits you but does no damage.
You are more poisoned.
You swing at nothing.
You feel very sick. Something hits you but does no damage.
You are lethally poisoned!
3796 ||| DRINKING potion of curing.
You feel better.
3796 ||| (to cure poison)
You swing at nothing.
Something hits you but does no damage.
You are poisoned.
You swing at nothing.
You feel very sick. Something hits you but does no damage.
You are more poisoned.
You swing at nothing.
You feel very sick. Something hits you but does no damage.
You are more poisoned.
You swing at nothing.
You feel very sick.
You swing at nothing.
You feel very sick. Something hits you but does no damage.
You swing at nothing.
You feel very sick. Something hits you.
You are lethally poisoned!
You swing at nothing.
You feel very sick.
You swing at nothing.
You feel very sick. Something hits you!
You die...

. (... # #..# ..# #
#..# ..# ###### #..#
..## ##...# #..# ...
.....## #..# ..#
...)..# #..# {.#
###.#.###.<######..#
# #...%).......)@.!#
# #######.######)###
#########.# #...
..........# #####
###########


There were no monsters in sight!

Vanquished Creatures
  An orc priest (D:4)
  Jessica (D:3)
  Ijyb (D:3)
  An orc wizard (D:4)
  Robin (D:3)
  An adder (D:3)
  A white imp (D:3)
  A worm (D:3)
  A dart slug (D:2)
  2 orcs (D:4)
  6 ball pythons
  8 endoplasms
  3 giant cockroaches (D:1)
  19 goblins
  4 hobgoblins
  2 jackals (D:2)
  6 kobolds
  5 quokkas
  3 bats
  5 frilled lizards
  3 rats
75 creatures vanquished.

Vanquished Creatures (others)
  A ball python (D:3)
1 creature vanquished.

Grand Total: 76 creatures vanquished

Notes
Turn   | Place    | Note
-------+----------+-------------------------------------------
     0 | D:1      | qw the Demonspawn Cinder Acolyte began the quest for the
                  | Orb.
     0 | D:1      | Reached XP level 1. HP: 18/18 MP: 2/2
     0 | D:1      | 0 ||| qw: Version: 0.1-a-111-g1c1fd2e
     0 | D:1      | 0 ||| qw: Game counter: 6596
     0 | D:1      | 0 ||| qw: Always use a shield: true
     0 | D:1      | 0 ||| qw: God list: Okawaru
     0 | D:1      | 0 ||| qw: Allow faded altars: false
     0 | D:1      | 0 ||| qw: Do Orc after D:15 true
     0 | D:1      | 0 ||| qw: Do second Lair branch before Depths: true
     0 | D:1      | 0 ||| qw: Lair rune preference: random
     0 | D:1      | 0 ||| qw: Plans: Normal
     0 | D:1      | 0 ||| PLANNING D:1-11
   146 | D:1      | Reached skill level 3 in Axes
   188 | D:1      | 188 ||| INVOKING Fiery Armour.
   193 | D:1      | Gained mutation: You have large cloven feet. [demonic
                  | ancestry]
   193 | D:1      | Reached XP level 2. HP: 7/24 MP: 3/3
   550 | D:1      | 550 ||| Stepping ~*~*~tactically~*~*~ (stealth).
   561 | D:1      | 561 ||| Stepping ~*~*~tactically~*~*~ (stealth).
   569 | D:1      | 569 ||| Stepping ~*~*~tactically~*~*~ (stealth).
   582 | D:1      | 582 ||| Stepping ~*~*~tactically~*~*~ (stealth).
   586 | D:1      | 586 ||| Stepping ~*~*~tactically~*~*~ (stealth).
   587 | D:1      | 587 ||| Stepping ~*~*~tactically~*~*~ (stealth).
   603 | D:1      | 603 ||| Stepping ~*~*~tactically~*~*~ (stealth).
   608 | D:1      | 608 ||| Stepping ~*~*~tactically~*~*~ (stealth).
   636 | D:1      | 636 ||| Stepping ~*~*~tactically~*~*~ (stealth).
   738 | D:1      | Found Petoar's Weapon Shoppe.
   877 | D:1      | 877 ||| Stepping ~*~*~tactically~*~*~ (stealth).
   889 | D:1      | Gained mutation: You are partially covered in icy blue
                  | scales. (AC +2) [demonic ancestry]
   889 | D:1      | Reached XP level 3. HP: 27/29 MP: 4/4
  1286 | D:1      | 1286 ||| READING scroll labelled TIMUTU BUYHI FIN.
  1287 | D:1      | 1287 ||| READING 2 scrolls labelled HOFOCEITAY.
  1288 | D:1      | 1288 ||| READING scroll labelled TOPOAN OQUN.
  1289 | D:1      | 1289 ||| READING scroll labelled JETHRUX YRASSOGHO.
  1290 | D:1      | 1290 ||| READING scroll labelled EVODWEGUIG.
  1291 | D:1      | 1291 ||| DRINKING 2 ruby potions.
  1292 | D:1      | 1292 ||| DROPPING scroll of noise.
  1456 | D:2      | Reached skill level 4 in Axes
  1526 | D:2      | 1526 ||| Stepping ~*~*~tactically~*~*~ (hiding).
  1628 | D:2      | 1628 ||| Stepping ~*~*~tactically~*~*~ (hiding).
  1730 | D:2      | 1730 ||| Stepping ~*~*~tactically~*~*~ (hiding).
  1914 | D:2      | 1914 ||| Stepping ~*~*~tactically~*~*~ (stealth).
  2035 | D:2      | 2035 ||| Stepping ~*~*~tactically~*~*~ (stealth).
  2044 | D:2      | Reached skill level 1 in Dodging
  2045 | D:2      | 2045 ||| Stepping ~*~*~tactically~*~*~ (stealth).
  2240 | D:2      | 2240 ||| Stepping ~*~*~tactically~*~*~ (stealth).
  2463 | D:2      | Found a faded altar of an unknown god.
  2598 | D:2      | 2598 ||| UPGRADING to +0 ring mail.
  2608 | D:2      | 2608 ||| DROPPING +0 robe.
  2609 | D:2      | 2609 ||| UPGRADING to +0 cloak.
  2614 | D:2      | 2614 ||| UPGRADING to amulet of regeneration.
  2619 | D:2      | 2619 ||| UPGRADING to +6 ring of dexterity.
  2620 | D:2      | 2620 ||| READING 2 scrolls labelled DIFIWE NIYPRU.
  2623 | D:2      | 2623 ||| READING scroll labelled VARETI ABIH.
  2624 | D:2      | 2624 ||| DRINKING 2 amethyst potions.
  2640 | D:3      | 2640 ||| Stepping ~*~*~tactically~*~*~ (hiding).
  2829 | D:3      | Noticed Jessica
  2830 | D:3      | 2830 ||| Stepping ~*~*~tactically~*~*~ (hiding).
  2837 | D:3      | Killed Jessica
  2838 | D:3      | Gained mutation: You are mostly covered in icy blue scales.
                  | (AC +3) [demonic ancestry]
  2838 | D:3      | Reached XP level 4. HP: 35/35 MP: 5/5
  2983 | D:3      | 2983 ||| Stepping ~*~*~tactically~*~*~ (stealth).
  3000 | D:3      | Noticed Ijyb
  3003 | D:3      | 3003 ||| FLEEEEING.
  3004 | D:3      | 3004 ||| FLEEEEING.
  3005 | D:3      | 3005 ||| FLEEEEING.
  3006 | D:3      | 3006 ||| FLEEEEING.
  3007 | D:3      | 3007 ||| FLEEEEING.
  3013 | D:3      | 3013 ||| STAIRDANCE
  3050 | D:3      | Killed Ijyb
  3086 | D:3      | Found Demof's Armour Shop.
  3097 | D:3      | 3097 ||| BUYING +0 buckler (49 gold).
  3097 | D:3      | Bought a +0 buckler for 49 gold pieces
  3097 | D:3      | 3097 ||| BUYING +0 chain mail (49 gold).
  3097 | D:3      | Bought a +0 chain mail for 49 gold pieces
  3097 | D:3      | 3097 ||| BUYING +0 helmet (49 gold).
  3097 | D:3      | Bought a +0 helmet for 49 gold pieces
  3097 | D:3      | 3097 ||| SHOPLISTING +4 scale mail of the Old World {rElec
                  | rPois Str-3 Dex+4} (487 gold, have 12).
  3152 | D:3      | 3152 ||| INVOKING Fiery Armour.
  3156 | D:3      | Noticed Robin
  3160 | D:3      | Reached skill level 5 in Axes
  3168 | D:3      | Gained mutation: You regenerate magic rapidly. [demonic
                  | ancestry]
  3168 | D:3      | Reached XP level 5. HP: 41/41 MP: 6/6
  3169 | D:3      | Killed Robin
  3172 | D:3      | Reached skill level 1 in Armour
  3187 | D:3      | 3187 ||| Stepping ~*~*~tactically~*~*~ (stealth).
  3188 | D:3      | 3188 ||| Stepping ~*~*~tactically~*~*~ (stealth).
  3652 | D:3      | 3652 ||| UPGRADING to +0 buckler.
  3657 | D:3      | 3657 ||| UPGRADING to +0 chain mail.
  3667 | D:3      | 3667 ||| DROPPING +0 ring mail.
  3668 | D:3      | 3668 ||| UPGRADING to +0 helmet.
  3673 | D:3      | 3673 ||| UPGRADING to +1 helmet.
  3683 | D:3      | 3683 ||| DROPPING +0 helmet.
  3684 | D:3      | 3684 ||| DROPPING ring of flight.
  3685 | D:3      | 3685 ||| READING scroll labelled FEYBIEBENG.
  3686 | D:3      | 3686 ||| READING scroll labelled ORAUWU DOA.
  3763 | D:4      | Noticed Sigmund
  3764 | D:4      | 3764 ||| Stepping ~*~*~tactically~*~*~ (stealth).
  3766 | D:4      | 3766 ||| Stepping ~*~*~tactically~*~*~ (stealth).
  3768 | D:4      | 3768 ||| INVOKING Fiery Armour.
  3774 | D:4      | Reached skill level 1 in Shields
  3796 | D:4      | 3796 ||| DRINKING potion of curing.
  3796 | D:4      | 3796 ||| (to cure poison)
  3802 | D:4      | HP: 9/41 [something (3)]
  3804 | D:4      | HP: 2/41 [poisoned by Sigmund]
  3804 | D:4      | Mangled by Sigmund

Levels and vault maps discovered:
D:1:      lemuel_arrival_tunnels, layout_loops_ring, serial_shops,
          nicolae_shop_bloodbath_and_beyond, st_stairs_12
D:2:      layout_loops_cross, shapermc_ecumenical_altar_mp_vishouse,
          minmay_tiny_reverse_x
D:3:      minmay_general_purpose_star, layout_basic, serial_shops,
          nicolae_shop_statue_plus, uniq_ijyb, uniq_robin, uniq_jessica
D:4:      layout_loops_ring, mainiacjoe_overflow_large_starburst, uniq_sigmund

Skill      XL: |  1  2  3  4  5 |
---------------+----------------+-----
Axes           | 3 4 5 |  5.0
Dodging        | 1 |  1.0
Armour         | 1 |  1.7
Shields        | 1 |  1.2
Fighting       | |  3.0
Spellcasting   | |  1.0
Fire Magic     | |  2.6

Action                   |  1- 3 |  4- 6 || total
-------------------------+-------+-------++-------
Melee: Hand axe          |   141 |    54 ||   195
       Kick              |    28 |    12 ||    40
       Punch             |     1 |       ||     1
Invok: Fiery Armour      |     1 |     2 ||     3
  Use: Scroll            |     7 |     2 ||     9
       Potion            |     2 |     1 ||     3
Armor: Robe              |    37 |       ||    37
       Ring mail         |     2 |    22 ||    24
       Chain mail        |       |    19 ||    19
Dodge: Dodged            |    65 |     9 ||    74
Block: Buckler           |       |     2 ||     2

Table legend:
 A = Non-vault XP
 B = Vault XP
 C = Vault XP percentage of total XP
 D = Non-vault monster count
 E = Vault monster count
 F = Vault count percentage of total count
                 A         B        C        D         E       F
            +---------+---------+-------+---------+---------+-------
      Total |     195 |     119 |  37.9 |      55 |      20 |  26.7
            +---------+---------+-------+---------+---------+-------
        D:1 |      39 |       3 |   7.1 |      21 |       2 |   8.7
        D:2 |      30 |       4 |  11.8 |      16 |       2 |  11.1
        D:3 |      40 |     112 |  73.7 |      12 |      16 |  57.1
        D:4 |      86 |       0 |   0.0 |       6 |       0 |   0.0
            +---------+---------+-------+---------+---------+-------
